 Dungeon Crawl Stone Soup version 0.23-a0-338-g8ff0b24 (webtiles) character file.

114 Ijustatesigmund the Conjurer (level 4, 0/27 HPs)
             Began as an Octopode Wizard on Oct 18, 2018.
             Slain by an orc
             ... wielding a +0 war axe
              (7 damage)
             ... on level 3 of the Dungeon.
             The game lasted 00:06:34 (3297 turns).

Ijustatesigmund the Conjurer (Octopode Wizard)      Turns: 3297, Time: 00:06:35

Health: 0/27       AC:  1    Str:  6    XL:     4   Next: 98%
Magic:  0/8        EV: 13    Int: 20    God:
Gold:   128        SH:  0    Dex: 11    Spells: 3/9 levels left

rFire    . . .     SeeInvis .   b - +0 flail (protect)
rCold    + . .     Gourm    .   (no shield)
rNeg     . . .     Faith    .   a - +0 hat
rPois    .         Spirit   .   (no amulet)
rElec    .         Reflect  .   e - ring of protection from cold
rCorr    .         Harm     .   (no ring)
MR       .....                  (no ring)
Stlth    +++.......             (no ring)
HPRegen  0.09/turn              (no ring)
MPRegen  0.11/turn              (no ring)
                                (no ring)
                                (no ring)

@: very slightly contaminated
A: almost no armour, stealthy swim, amphibious, 8 rings, constrict 8, camouflage
1, gelatinous body 1
a: no special abilities


You were on level 3 of the Dungeon.
You were very hungry.

You visited 1 branch of the dungeon, and saw 3 of its levels.

You collected 128 gold pieces.

Inventory:

Hand Weapons
 b - a +0 flail of protection (weapon)
Armour
 a - a +0 hat (worn)
Jewellery
 e - a ring of protection from cold (left tentacle)
Wands
 g - a wand of paralysis (18)
Potions
 d - a potion of magic
Comestibles
 c - 4 rations


   Skills:
 + Level 0.0 Maces & Flails
 - Level 2.0 Dodging
 - Level 2.6 Stealth
 - Level 3.0 Spellcasting
 - Level 3.6 Conjurations
   Level 1.0 Summonings
 + Level 1.7 Translocations
 + Level 1.2 Air Magic
 + Level 1.5 Poison Magic


You had 3 spell levels left.
You knew the following spells:

 Your Spells              Type           Power        Failure   Level  Hunger
a - Magic Dart            Conj           ###.         3%          1    None
b - Blink                 Tloc           N/A          11%         2    ##.....
c - Mephitic Cloud        Conj/Pois/Air  ##......     19%         3    ###....

Your spell library contained the following spells:

 Spells                   Type           Power        Failure   Level  Hunger
 Call Imp                 Summ           #.......     14%         2    ##.....
 Conjure Flame            Conj/Fire      ##......     21%         3    ###....
 Slow                     Hex            #.......     22%         2    ##.....


Dungeon Overview and Level Annotations

Branches:
Dungeon (3/15)

Altars:
Hepliaklqana
Kikubaaqudgha


Innate Abilities, Weirdness & Mutations

You cannot wear most types of armour.
You are very stealthy in the water. (Stealth+)
You are amphibious.
You can wear up to eight rings at the same time.
You can use your tentacles to constrict eight enemies at once.
Your skin changes colour to match your surroundings (Stealth+).
Your rubbery body absorbs attacks. (AC +1, EV +1)


Message History

The orc hits you with a +0 hand axe!
Casting: Magic Dart (safe; 3% risk of failure)
Confirm with . or Enter, or press ? or * to list all spells.
Aiming: Magic Dart (safe; 3% risk of failure)
Press: ? - help, Shift-Dir - straight line, f/p - orc
Aim: an orc, wielding a +0 hand axe and wearing a +0 leather armour (lightly The magic dart hits the orc.
The orc is lightly wounded.
The orc hits you with a +0 war axe!
* * * LOW HITPOINT WARNING * * *
The orc barely misses you. The orc hits you but does no damage.
Casting: Magic Dart (safe; 3% risk of failure)
Confirm with . or Enter, or press ? or * to list all spells.
Aiming: Magic Dart (safe; 3% risk of failure)
Press: ? - help, Shift-Dir - straight line, f/p - orc
Aim: an orc, wielding a +0 hand axe and wearing a +0 leather armour (lightly The magic dart hits the orc.
The orc is heavily wounded.
The orc hits you with a +0 war axe!
You die...

. #.#............#..... ..
#.##...........#..... ... .
#.##...........#..... ....
...##.###................ .....
#.....##.........#.#.##.
!.....####....................
...........###.o........#.....
##########...#o.............#.
############..@o.........#...#.
#.........##.#...............#.
#..............................
#.........##.##........####.#..
#(........#......#.............
#######.[#......##.............
#.......#####.............
#.......########.###..#.#.
##)..........###.###.#....


You could see 3 orcs.

Vanquished Creatures
  An adder (D:2)
  3 oozes (D:2)
  A worm (D:3)
  5 dart slugs
  4 leopard geckos
  2 orcs (D:3)
  2 bat zombies (D:2)
  5 giant cockroaches
  9 goblins
  3 hobgoblins
  9 jackals (D:3)
  7 kobolds
  A quokka (D:2)
  A ball python (D:1)
  6 bats
  2 frilled lizards
  5 rats
66 creatures vanquished.

Notes
Turn   | Place    | Note
-------+----------+-------------------------------------------
     0 | D:1      | Ijustatesigmund the Octopode Wizard began the quest for the
                  | Orb.
     0 | D:1      | Reached XP level 1. HP: 11/11 MP: 4/4
   516 | D:1      | Reached XP level 2. HP: 17/17 MP: 4/6
  1038 | D:1      | Found a hazy altar of Hepliaklqana.
  1323 | D:2      | Reached XP level 3. HP: 14/21 MP: 1/7
  1786 | D:3      | Learned a level 2 spell: Blink
  1790 | D:3      | Learned a level 3 spell: Mephitic Cloud
  1914 | D:3      | Reached XP level 4. HP: 18/27 MP: 4/8
  2222 | D:3      | Reached skill level 1 in Poison Magic
  2488 | D:2      | Reached skill level 1 in Air Magic
  2972 | D:2      | Found an ancient bone altar of Kikubaaqudgha.
  3297 | D:3      | Slain by an orc

Vault maps used:
D:1:      minmay_arrival_checkered_box, chequers_garden, minmay_curled_crystal,
          minmay_hexomino_r4
D:2:      lemuel_zombie_altar_kikubaaqudgha

Skill      XL: |  1  2  3  4 |
---------------+-------------+-----
Conjurations   | 2 3 |  3.6
Poison Magic   | 1 |  1.5
Air Magic      | 1 |  1.2
Dodging        | |  2.0
Stealth        | |  2.6
Spellcasting   | |  3.0
Summonings     | |  1.0
Translocations | |  1.7

Action                   |  1- 3 |  4- 6 || total
-------------------------+-------+-------++-------
Melee: Unarmed           |     5 |       ||     5
       Constrict         |     3 |    11 ||    14
       Spear             |    24 |    24 ||    48
       Tentacles         |     1 |     2 ||     3
       Flail             |       |    26 ||    26
 Cast: Magic Dart        |    59 |    71 ||   130
       Mephitic Cloud    |       |     1 ||     1
  Use: Scroll            |     6 |     5 ||    11
       Potion            |     3 |     2 ||     5
 Stab: Sleeping          |     1 |     1 ||     2
  Eat: Chunk             |     2 |     4 ||     6
Armor: Skin              |     4 |    16 ||    20
Dodge: Dodged            |    39 |    62 ||   101

Table legend:
 A = Non-vault XP
 B = Vault XP
 C = Vault XP percentage of total XP
 D = Non-vault monster count
 E = Vault monster count
 F = Vault count percentage of total count
                 A         B        C        D         E       F
            +---------+---------+-------+---------+---------+-------
      Total |     155 |       9 |   5.5 |      62 |       4 |   6.1
            +---------+---------+-------+---------+---------+-------
        D:1 |      27 |       5 |  15.6 |      14 |       2 |  12.5
        D:2 |      68 |       4 |   5.6 |      22 |       2 |   8.3
        D:3 |      60 |       0 |   0.0 |      26 |       0 |   0.0
            +---------+---------+-------+---------+---------+-------
